 Dungeon Crawl Stone Soup version 0.30.0-13-g156ef70053 (webtiles) character file.

Game seed: 18198868853433235715

58 Orangeyouglad the Charlatan (level 4, 0/33 HPs)
             Began as a Human Artificer on May 17, 2023.
             Slain by a cerulean imp
             ... wielding a +4 spear
             ... summoned by Natasha
              (7 damage)
             ... on level 2 of the Dungeon.
             The game lasted 00:04:40 (1735 turns).

Orangeyouglad the Charlatan (Human Artificer)       Turns: 1735, Time: 00:04:40

Health: 0/33       AC:  6    Str: 12    XL:     4   Next: 20%
Magic:  5/5        EV: 10    Int: 14    God:
Gold:   65         SH:  0    Dex: 13    Spells: 5/5 levels left

rFire   . . .        p - +2 mace (holy)
rCold   . . .        (no shield)
rNeg    . . .        o - +0 ring mail
rPois   .            i - +0 helmet
rElec   .            (no cloak)
rCorr   .            (no gloves)
SInv    .            (no boots)
Will    .....        (no amulet)
Stlth   +            (no ring)
HPRegen 0.25/turn    (no ring)
MPRegen 0.09/turn

%: no passive effects
@: about to teleport, slowed, very slow
A: no striking features
a: no special abilities


You were on level 2 of the Dungeon.
You visited 1 branch of the dungeon, and saw 2 of its levels.

You collected 65 gold pieces.

Inventory:

Hand Weapons
 a - a +0 rapier
 f - a +0 dagger of draining
 p - a +2 mace of holy wrath (weapon)
Missiles
 h - 4 boomerangs of dispersal
 k - 2 poisoned darts
Armour
 i - a +0 helmet (worn)
 o - a +0 ring mail (worn)
Wands
 c - a wand of flame (14) (quivered)
 d - a wand of charming (15)
 e - a wand of iceblast (5)
Scrolls
 b - a scroll of noise
 g - a scroll of amnesia
Potions
 j - a potion of brilliance {unknown}
 l - a potion of curing {unknown}
 m - a potion of ambrosia {unknown}
 r - a potion of heal wounds {unknown}
 s - a potion of attraction {unknown}


   Skills:
 + Level 1.8 Fighting
 - Level 2.0 Armour
 + Level 1.7 Dodging
 + Level 1.9 Stealth
 + Level 1.2 Spellcasting
 + Level 3.3 Evocations


You had 5 spell levels left.
You didn't know any spells.
Your spell library was empty.

Dungeon Overview and Level Annotations

Branches:
Dungeon (2/15)

Altars:

Shops:
D:1 *

Annotations:
D:2 Natasha


Message History

The cerulean imp barely misses you.
A hobgoblin comes into view.
The giant cockroach bites you but does no damage.
The cerulean imp hits you but does no damage.
The giant cockroach closely misses you.
You feel yourself speed up.
The cerulean imp disappears in a puff of smoke!
Natasha barely misses you.
The cerulean imp hits you but does no damage.
The giant cockroach bites you.
There is an open door here.
The giant cockroach attacks as you move away!
The giant cockroach bites you but does no damage.
Natasha attacks as you move away! Natasha claws you.
The giant cockroach waves its antennae.
Natasha stares at you and mumbles some strange words.
You feel yourself slow down.
As you read the scroll labelled JIYNYRPHO TOHOG, it crumbles to dust.
It is a scroll of identify.
b - a scroll of noise Natasha casts a spell at you.
You resist with some effort.
As you read the scroll of identify, it crumbles to dust.
g - a scroll of amnesia Natasha claws you.
The cerulean imp hits you but does no damage.
Natasha closely misses you.
As you read the scroll of identify, it crumbles to dust.
q - a scroll of teleportation The cerulean imp hits you but does no damage.
Natasha claws you but does no damage. The cerulean imp barely misses you.
As you read the scroll of teleportation, it crumbles to dust.
You feel strangely unstable.
The cerulean imp hits you but does no damage.
Natasha stares at you and mumbles some strange words.
You feel as though you will be slow longer.
The cerulean imp hits you from afar with a +2 spear.
* * * LOW HITPOINT WARNING * * *
The cerulean imp hits you from afar with a +4 spear!
You die...

#........##.### #.#
#........########.#
###'#######........#
#......# #........###
#......####........'..
#.55...............###
###'##5......#....####
#5##.......#........
#Bh@.......'........
############....###.
#...gg...........
#.########...###.
##.#..#######.#.#
#..g...........(#
####..............
#<########.#.#. ###
#.#.#


You could see Natasha, 2 cerulean imps and a giant cockroach.

Vanquished Creatures
  An adder (D:2)
  A gnoll (D:1)
  4 ball pythons
  4 endoplasms
  4 goblins
  9 hobgoblins
  2 quokkas (D:1)
  2 bats (D:1)
  3 frilled lizards
  4 kobolds (D:1)
  4 rats
38 creatures vanquished.

Notes
Turn   | Place    | Note
-------+----------+-------------------------------------------
     0 | D:1      | Orangeyouglad the Human Artificer began the quest for the
                  | Orb.
     0 | D:1      | Reached XP level 1. HP: 15/15 MP: 1/1
   330 | D:1      | Reached XP level 2. HP: 18/21 MP: 2/2
   395 | D:1      | Found Maosideruz's Assorted Antiques.
   929 | D:1      | Reached XP level 3. HP: 26/26 MP: 2/4
  1213 | D:1      | Reached skill level 1 in Spellcasting
  1408 | D:2      | Reached XP level 4. HP: 33/33 MP: 5/5
  1718 | D:2      | Noticed Natasha
  1735 | D:2      | Slain by a cerulean imp

Illustrated notes

Levels and vault maps discovered:
D:1:      matt_arrival_spirals, layout_basic, serial_shops, shop,
          minmay_hedge_maze, kennysheep_nondescript
D:2:      layout_basic, minmay_tetromino_t4, uniq_natasha, uniq_robin

Skill      XL: |  1  2  3 |
---------------+----------+-----
Spellcasting   | 1 |  1.2
Fighting       | |  1.8
Armour         | |  2.0
Dodging        | |  1.7
Stealth        | |  1.9
Evocations     | |  3.3

Action                     |  1- 3 |  4- 6 || total
---------------------------+-------+-------++-------
  Melee: Rapier            |    20 |       ||    20
         Dagger            |    85 |       ||    85
         Mace              |     5 |    26 ||    31
         Punch             |       |     1 ||     1
  Evoke: Wand              |     1 |       ||     1
    Use: Scroll            |       |     4 ||     4
   Stab: Sleeping          |     1 |       ||     1
 Armour: Leather armour    |    27 |       ||    27
         Ring mail         |     9 |    20 ||    29
  Dodge: Dodged            |    66 |    28 ||    94
